 Dungeon Sprint DCSS version 0.28.0-53-g5a82cb258f (webtiles) character file.

Game seed: 3405383614444596699

567 Zeld the Fighter (level 7, -4/108 HPs)
             Began as a Minotaur Berserker on June 7, 2022.
             Was a Priest of Trog.
             Slain by a merfolk
             ... wielding a +0 trident
              (6 damage)
             ... in the Dungeon (Sprint V: "Ziggurat Sprint").
             The game lasted 00:00:54 (813 turns).

Zeld the Fighter (Minotaur Berserker)                Turns: 813, Time: 00:00:55

Health: -4/108     AC: 20    Str: 36    XL:     7   Next: 11%
Magic:  6/6        EV:  5    Int:  4    God:    Trog [***...]
Gold:   0          SH: 17    Dex:  9    Spells: 6/6 levels left

rFire   + . .      SeeInvis +   w - +14 obsidian axe {vorpal, Mesm Drain Fly SInv}
rCold   + . .      Faith    .   b - +3 tower shield
rNeg    . . .      Spirit   .   a - +5 gold dragon scales
rPois   +          Reflect  .   (helmet restricted)
rElec   .          Harm     .   (no cloak)
rCorr   .          Rampage  .   (no gloves)
Will    .....      NoTele   +   (no boots)
Stlth   ..........              (no amulet)
HPRegen 0.28/turn               t - +6 ring of strength
MPRegen 0.10/turn               u - +6 ring of strength

@: berserking, flying, mesmerised, very quick
A: horns 2, retaliatory headbutt
a: Renounce Religion, Berserk, Trog's Hand


You were in the Dungeon.
You worshipped Trog.
Trog was most pleased with you.
You visited 1 branch

Inventory:

Hand Weapons
 w - the +14 obsidian axe (weapon) {vorpal, Mesm Drain Fly SInv}
   (You found it in the Dungeon)

   It inflicts extra damage upon your enemies.
   It occasionally summons demons to assist the wielder when it strikes in
   combat.
   Its wielder is mesmerised by any visible foes.
   It cannot be unequipped while any foes are visible.
   SInv:      It lets you see invisible.
   Fly:       It grants you flight.
   Drain:     It drains your maximum health when unequipped.
Armour
 a - +5 gold dragon scales (worn)
 b - a +3 tower shield (worn)
Jewellery
 t - a +6 ring of strength (left hand)
 u - a +6 ring of strength (right hand)
Wands
 q - a wand of mindburst (7)
 r - a wand of iceblast (7)
 s - a wand of acid (7)
Scrolls
 h - 4 scrolls of blinking
 m - 7 scrolls of fog
 n - a scroll of holy word
 o - 5 scrolls of identify
 p - 2 scrolls of fear
 y - 4 scrolls of enchant armour
Potions
 c - 10 potions of curing
 d - 10 potions of heal wounds
 e - 6 potions of haste
 f - 7 potions of magic
 g - 3 potions of berserk rage
 i - 2 potions of invisibility
 j - 4 potions of resistance
 k - a potion of experience
 l - 5 potions of might
Miscellaneous
 v - a lightning rod (4/4)
 x - a box of beasts


   Skills:
 * Level 10.0 Fighting
 * Level 9.9 Axes
 + Level 6.8 Armour
 + Level 6.2 Dodging
 * Level 9.1 Shields


You had 6 spell levels left.
You didn't know any spells.
Your spell library was empty.

Dungeon Overview and Level Annotations

Branches:
Dungeon (1/1)

Altars:
Ashenzari
Cheibriados
Dithmenos
Elyvilon
Fedhas
Gozag
Hepliaklqana
Kikubaaqudgha
Makhleb
Nemelex Xobeh
Okawaru
Qazlal
Ru
Sif Muna
Trog
Uskayaw
Vehumet
Wu Jian
Xom
Yredelemnul
Zin
The Shining One
Beogh
Jiyva
Lugonu

Annotations:
D 1 transporter


Innate Abilities, Weirdness & Mutations

You have a pair of horns on your head.
You reflexively headbutt those who attack you in melee.


Message History

The merfolk hits you but does no damage.
The merfolk hits you with a +0 trident!
The merfolk hits you from afar with a +0 trident.
Unknown command.
Unknown command.
You carve the merfolk like a ham!!!
You kill the merfolk!
Trog accepts your kill.
You barely miss the merfolk. The merfolk hits you with a +0 trident.
The merfolk throws a silver boomerang.
The silver boomerang hits you!
The merfolk throws a boomerang.
You block the boomerang. The merfolk hits you with a +0 trident!
* * * LOW HITPOINT WARNING * * *
Your Fighting skill increases to level 10!
Your Dodging skill increases to level 6!
Your Shields skill increases to level 9!
You have reached level 7!
You are too injured to fight recklessly!
Unknown command.
You are too injured to fight recklessly!
You block the merfolk's attack. x2; The merfolk hits you with a +0 trident!
* * * LOW HITPOINT WARNING * * *
Things that are here:
a +0 trident; 2 throwing nets; a merfolk corpse Unknown command.
Unknown command.
A red film seems to cover your vision as you go berserk!
You feel yourself moving faster!
You feel mighty!
Visions of slaying the merfolk flood into your mind.
The merfolk hits you but does no damage.
The merfolk hits you with a +0 trident.
* * * LOW HITPOINT WARNING * * *
The merfolk hits you with a +0 trident!
* * * LOW HITPOINT WARNING * * *
You slash the merfolk! Your headbutt misses the merfolk.
The merfolk is moderately wounded.
You slice the merfolk!! You slash the merfolk!
Visions of slaying the merfolk flood into your mind.
The merfolk hits you with a +0 trident.
You die...

▓.....▓.....▓.)÷..▓
▓.†††.▓.....▓.....▓
▓.†...▓.....▓..©..▓
▓..©..▓..©..▓▓▓▓▓▓▓
▓▓▓▓▓▓▓▓▓▓▓▓▓▓
▓..8©8...▓
▓..[)[...▓
▓..mm....▓
▓...@m...▓
▓........▓
▓.▓....▓.▓
▓...©....▓
▓▓▓▓▓▓▓▓▓▓


You could see 3 merfolk.

Vanquished Creatures
  A merfolk (D)
  A naga (D)
  3 phantoms (D)
  2 adders (D)
  3 ball pythons (D)
10 creatures vanquished.

Notes
Turn   | Place    | Note
-------+----------+-------------------------------------------
     0 | D        | Zeld the Minotaur Berserker began the quest for the Orb.
     0 | D        | Reached XP level 1. HP: 19/19 MP: 0/0
     0 | D        | Banished a spatial maelstrom
     4 | D        | Banished a spatial maelstrom
     7 | D        | Banished a spatial maelstrom
     9 | D        | Banished a spatial maelstrom
    10 | D        | Found a blossoming altar of Fedhas.
    10 | D        | Found the +6 Majin-Bo {vamp, MP+6 Int+6}
    10 | D        | Found the +9 heavy crossbow "Sniper" {vorpal, Acc+∞ SInv}
    10 | D        | Found the +10 dark maul {vorpal}
    10 | D        | Found the +15 Maxwell's patent armour {-Cast -Tele rElec
                  | Will+ rCorr}
    10 | D        | Found the +18 shield of the Gong {rElec rN+ Will+ EV-5}
    10 | D        | Found the +14 obsidian axe {vorpal, Mesm Drain Fly SInv}
    10 | D        | Found the +7 great mace "Firestarter" {inner flame, rF++}
    10 | D        | Found the +6 shillelagh "Devastator" {shatter}
    10 | D        | Found the +11 plutonium sword {Contam Stlth-}
    10 | D        | Found the +8 lance "Wyrmbane" {slay drac, rPois rF+ rC+
                  | AC+3}
    10 | D        | Found the +9 sword of Zonguldrok {reap}
    10 | D        | Found the +13 scythe of Curses {drain, Drain}
    10 | D        | Found the +5 sword of Power {vorpal}
    10 | D        | Found the +7 mace of Variability {chain chaos}
    10 | D        | Found the +7 Singing Sword {vorpal, sonic wave}
    10 | D        | Found the +8 storm bow {elec, penet}
    14 | D        | Found a shimmering blue altar of Sif Muna.
    14 | D        | Found a sacrificial altar of Ru.
    14 | D        | Found a bloodstained altar of Trog.
    14 | D        | Found a stormy altar of Qazlal.
    14 | D        | Found an iron altar of Okawaru.
    14 | D        | Found a sparkling altar of Nemelex Xobeh.
    14 | D        | Banished a spatial maelstrom
    16 | D        | Found a transporter.
    16 | D        | Found an ancient bone altar of Kikubaaqudgha.
    16 | D        | Found a viscous altar of Jiyva.
    16 | D        | Found a corrupted altar of Lugonu.
    16 | D        | Found a hazy altar of Hepliaklqana.
    16 | D        | Found a burning altar of Makhleb.
    16 | D        | Found an opulent altar of Gozag.
    66 | D        | Entered arena 2.
    66 | D        | Noticed a naga
    66 | D        | Found a transporter.
    69 | D        | Killed a naga
    70 | D        | Reached skill level 6 in Fighting
    70 | D        | Reached skill level 5 in Shields
    70 | D        | Reached XP level 2. HP: 8/31 MP: 1/1
    70 | D        | Reached XP level 3. HP: 10/38 MP: 2/2
    70 | D        | Reached XP level 4. HP: 12/45 MP: 3/3
   466 | D        | Entered arena 3.
   466 | D        | Noticed a phantom
   466 | D        | Noticed a phantom
   466 | D        | Noticed a phantom
   466 | D        | Found a transporter.
   469 | D        | Killed a phantom
   469 | D        | Reached ** piety under Trog
   470 | D        | Reached skill level 7 in Fighting
   470 | D        | Reached skill level 5 in Armour
   470 | D        | Reached XP level 5. HP: 53/53 MP: 4/4
   470 | D        | Killed a phantom
   471 | D        | Reached skill level 8 in Fighting
   471 | D        | Reached skill level 5 in Dodging
   471 | D        | Reached XP level 6. HP: 62/62 MP: 5/5
   724 | D        | Entered arena 4.
   724 | D        | Found a transporter.
   727 | D        | Reached *** piety under Trog
   728 | D        | Reached skill level 9 in Fighting
   807 | D        | Entered arena 5.
   807 | D        | Found the +3 robe of Clouds {*Thunder rCloud rElec}
   807 | D        | Noticed a merfolk
   807 | D        | Noticed a merfolk
   807 | D        | Noticed a merfolk
   807 | D        | Noticed a merfolk
   807 | D        | Found a transporter.
   810 | D        | Killed a merfolk
   811 | D        | Reached skill level 10 in Fighting
   811 | D        | Reached XP level 7. HP: 18/72 MP: 6/6
   812 | D        | HP: 2/108 [merfolk/+0 trident (9)]
   813 | D        | Slain by a merfolk

Illustrated notes

Levels and vault maps discovered:
D:        sprint_v [room_start, room_1, room_2, room_3, room_4, room_5, room_6,
          room_7, room_8, room_9, room_10, room_11, room_12, room_13, room_14,
          room_15, room_16, room_17, room_18, room_19, room_20, room_21,
          room_22, room_23, room_24, room_25, room_26, room_27]

Skill      XL: |  1  2  3  4  5  6 |
---------------+-------------------+-----
Fighting       | 6 7 8 10 | 10.0
Axes           | 6 7 8 9 |  9.9
Armour         | 4 5 6 |  6.8
Dodging        | 4 5 6 |  6.2
Shields        | 5 6 7 9 |  9.1

Action                   |  1- 3 |  4- 6 |  7- 9 || total
-------------------------+-------+-------+-------++-------
Melee: Broad axe         |     2 |     8 |     1 ||    11
       Headbutt          |       |     1 |       ||     1
Invok: Berserk           |       |       |     1 ||     1
Armor: Gold dragon scale |     2 |     5 |     1 ||     8
Block: Tower shield      |     1 |    16 |     2 ||    19
